 Dungeon Sprint DCSS version 0.23.0-2-g0fe3ce5 (webtiles) character file.

Game seed: 15017531692046038137

80523 nuthulu the Impregnable (level 15, -22/134 HPs)
             Began as a Gnoll Fighter on Feb 19, 2019.
             Was the Champion of Makhleb.
             Annihilated by an azure jelly (43 damage)
             ... in the Dungeon (Sprint V: "Ziggurat Sprint").
             The game lasted 00:12:51 (1313 turns).

nuthulu the Impregnable (Gnoll Fighter)             Turns: 1313, Time: 00:12:53

Health: -22/134    AC: 42    Str: 34    XL:     15   Next: 67%
Magic:  35/35      EV: 13    Int: 14    God:    Makhleb [******]
Gold:   0          SH: 38    Dex: 13    Spells: 46/46 levels left

rFire    . . .     SeeInvis +   F - +14 obsidian axe {chop, +Fly SInv *Curse} (curse)
rCold    . . .     Gourm    .   H - +18 shield of the Gong {rElec rN+ MR+ EV-5}
rNeg     + + +     Faith    .   G - +15 Maxwell's patent armour {-Cast -Tele rElec MR+ rCorr}
rPois    .         Spirit   .   Q - +2 helmet {Int+3}
rElec    +         Reflect  +   (no cloak)
rCorr    +         Harm     .   N - +2 pair of gloves {Dex+3}
MR       +++..     NoTele   +   (no boots) Stlth +++.......NoCast +
                                O - amulet "Lehobux" {Reflect rN++ Dex-5 SH+4}
HPRegen  0.32/turn              D - +6 ring of strength
MPRegen  0.24/turn              P - ring "Vuilifoo" {rN+ Str+4 Stlth+}

@: mesmerised, studying 3 skills
A: distributed training, fangs 1, strong nose
a: Minor Destruction, Lesser Servant of Makhleb, Major Destruction, Greater
Servant of Makhleb, Renounce Religion, Evoke Flight


You were in the Dungeon.
You worshipped Makhleb.
Makhleb was exalted by your worship.
You were not hungry.

You visited 1 branch

Inventory:

Hand Weapons
 F - the cursed +14 obsidian axe (weapon) {chop, +Fly SInv *Curse}
   (You found it in the Dungeon)

   It inflicts extra damage upon your enemies.
   It lets you see invisible.
   It lets you fly.
   It curses itself when equipped.
   It has a curse placed upon it.
 L - the +12 glaive of Prune {chop}
   (You found it in the Dungeon)

   It inflicts extra damage upon your enemies.
Armour
 G - the +15 Maxwell's patent armour (worn) {-Cast -Tele rElec MR+ rCorr}
   (You found it in the Dungeon)

   It insulates you from electricity.
   It affects your resistance to hostile enchantments.
   It prevents spellcasting.
   It prevents most forms of teleportation.
   It provides partial protection from all sources of acid and corrosion.
 H - the +18 shield of the Gong (worn) {rElec rN+ MR+ EV-5}
   (You found it in the Dungeon)

   It affects your evasion (-5).
   It insulates you from electricity.
   It protects you from negative energy.
   It affects your resistance to hostile enchantments.
 N - a +2 pair of gloves of dexterity (worn)
 Q - a +2 helmet of intelligence (worn)
Jewellery
 a - an uncursed ring of protection from fire
 b - a +2 ring of intelligence
 z - a +6 ring of dexterity
 A - a +6 ring of dexterity
 B - a +6 ring of intelligence
 C - a +6 ring of intelligence
 D - a +6 ring of strength (left hand)
 E - a +6 ring of strength
 M - a +4 amulet of reflection
 O - the amulet "Lehobux" (around neck) {Reflect rN++ Dex-5 SH+4}
   (You found it in the Dungeon)

   [amulet of reflection]

   It shields you and reflects attacks.
   It affects your dexterity (-5).
   It greatly protects you from negative energy.
   It affects your SH (+4).
 P - the ring "Vuilifoo" (right hand) {rN+ Str+4 Stlth+}
   (You found it in the Dungeon)

   [ring of stealth]

   It affects your strength (+4).
   It protects you from negative energy.
   It makes you more stealthy.
Wands
 w - a wand of disintegration (7)
 x - a wand of iceblast (7)
 y - a wand of acid (7)
Scrolls
 k - 4 scrolls of blinking
 o - a scroll of brand weapon
 q - 4 scrolls of amnesia
 r - 7 scrolls of fog
 s - a scroll of holy word
 t - 5 scrolls of identify
 u - 5 scrolls of remove curse
 v - 2 scrolls of fear
 K - a scroll of enchant armour
 R - 4 scrolls of enchant weapon
Potions
 d - 6 potions of might
 e - 8 potions of curing
 g - a potion of heal wounds
 h - 4 potions of haste
 i - 7 potions of magic
 j - 2 potions of berserk rage
 l - 3 potions of brilliance
 m - a potion of invisibility
 n - 4 potions of resistance
 p - 5 potions of agility
Books
 I - a manual of Axes
 J - a manual of
Armour
 S - a manual of Crossbows
Comestibles
 f - 8 rations


   Skills:
 + Level 17.0 Fighting
 + Level 16.1 Short Blades
 + Level 16.1 Long Blades
 + Level 19.9 Axes
 + Level 16.1 Maces & Flails
 + Level 16.1 Polearms
 + Level 16.1 Staves
 + Level 16.1 Slings
 + Level 16.1 Bows
 + Level 18.3 Crossbows
 + Level 16.1 Throwing
 + Level 21.2 Armour
 + Level 16.1 Dodging
 + Level 16.1 Stealth
 + Level 17.0 Shields
 + Level 16.1 Unarmed Combat
 + Level 16.1 Spellcasting
 + Level 13.9 Conjurations
 + Level 13.9 Hexes
 + Level 13.9 Charms
 + Level 13.9 Summonings
 + Level 13.9 Necromancy
 + Level 13.9 Translocations
 + Level 13.9 Transmutations
 + Level 13.9 Fire Magic
 + Level 13.9 Ice Magic
 + Level 13.9 Air Magic
 + Level 13.9 Earth Magic
 + Level 13.9 Poison Magic
 + Level 17.3 Invocations
 + Level 16.1 Evocations


You had 46 spell levels left.
You didn't know any spells.
Your spell library was empty.

Dungeon Overview and Level Annotations

Branches:
Dungeon (1/1)

Altars:
Ashenzari
Cheibriados
Dithmenos
Elyvilon
Fedhas
Gozag
Hepliaklqana
Kikubaaqudgha
Makhleb
Nemelex Xobeh
Okawaru
Qazlal
Ru
Sif Muna
Trog
Uskayaw
Vehumet
Wu Jian
Xom
Yredelemnul
Zin
The Shining One
Beogh
Jiyva
Lugonu

Annotations:
D 1 transporter


Innate Abilities, Weirdness & Mutations

Your experience applies equally to all skills.
You have very sharp teeth.
Your uncanny sense of smell can sniff out nearby items.


Message History

You barely miss the neqoxec.
Visions of slaying the neqoxec flood into your mind.
The golden eye blinks at you. You resist with almost no effort.
You block the azure jelly's attack.
SHROANNG!
The azure jelly hits you. The azure jelly freezes you!!!
* * * LOW HITPOINT WARNING * * *
You block the azure jelly's attack.
SHROANNG!
You block the azure jelly's attack.
PTOANNNG!
The jelly barely misses your neqoxec.
The azure jelly hits you but does no damage.
You block the azure jelly's attack.
GONNNNG!
The azure jelly hits you but does no damage. x3
The azure jelly hits you!
* * * LOW HITPOINT WARNING * * *
The azure jelly freezes you!!!
You die...

▓.......©.......▓..)?)}[}
▓▓▓▓▓▓▓▓▓▓▓▓▓▓▓▓........
......8©8......▓........
..[}[}):))}="..▓.....)).
..)):):)}|§)G..▓.......)
....=[GJJGG....▓.....)..
.....JJJJJG....▓........
.....JJJJJ.....▓..▓.....
....GGJ@JG.....▓........
.....J3G3......▓.....†..
......§.§3.....▓......©.
...............▓▓▓▓▓▓▓▓▓
...▓.......▓... ..
▓▓.....▓▓ ..
...▓.......▓... ∆
...............
.......©.......


You could see 2 acid blobs, 6 azure jellies, a great orb of eyes, 2 large slime
creatures, 2 slime creatures, a shining eye, 2 eyes of devastation, a glowing
orange brain, a death ooze, a neqoxec, 2 jellies, 2 floating eyes, 2 golden
eyes, a friendly neqoxec and a friendly ynoxinul.

Vanquished Creatures
  A pandemonium lord (D)
  Gastronok (D)
  4 acid blobs (D)
  2 azure jellies (D)
  A fire giant (D)
  A draconian knight (D)
  Louise (D)
  A draconian annihilator (D)
  2 draconian scorchers (D)
  A draconian shifter (D)
  A ghoul (D)
  A draconian stormcaller (D)
  2 reapers (D)
  A very ugly thing (D)
  A green draconian (D)
  A black draconian (D)
  3 yellow draconians (D)
  5 white draconians (D)
  3 purple draconians (D)
  2 red draconians (D)
  3 death oozes (D)
  2 fire dragons (D)
  2 great orbs of eyes (D)
  3 two-headed ogres (D)
  A death yak (shapeshifter) (D)
  A hell hog (D)
  A deep elf knight (D)
  A glowing orange brain (D)
  4 necromancers (D)
  A deep elf mage (D)
  An ugly thing (D)
  2 cyclopes (D)
  A shining eye (D)
  Maurice (D)
  3 rust devils (D)
  2 eyes of devastation (D)
  An orange demon (D)
  A hellion (D)
  2 rime drakes (D)
  A freezing wraith (D)
  A tormentor (D)
  2 ice devils (D)
  2 trolls (D)
  A merfolk (D)
  6 slime creatures (D)
  A hippogriff (shapeshifter) (D)
  2 hippogriffs (D)
  A redback (shapeshifter) (D)
  A shadow (D)
  A water elemental (D)
  A yak (shapeshifter) (D)
  A fire elemental (D)
  A wyvern (D)
  Sigmund (D)
  5 golden eyes (D)
  A neqoxec (D)
  A steam dragon (D)
  Menkaure (D)
  An acid dragon (D)
  2 floating eyes (D)
  A hell hound (D)
  A necrophage (D)
  An orc warrior (D)
  2 eyes of draining (D)
  An ogre (D)
  4 centaurs (D)
  Blork the orc (D)
  An earth elemental (D)
  4 wights (D)
  5 jellies (D)
  Crazy Yiuf (D)
  2 crimson imps (D)
  2 orc priests (D)
  2 iron imps (D)
  2 orc wizards (D)
  2 shadow imps (D)
  A white imp (D)
  An ooze (D)
  2 adder zombies (D)
  2 adder skeletons (D)
  An orc (D)
  2 bat skeletons (D)
  4 bat zombies (D)
  2 jackal zombies (D)
  2 leopard gecko zombies (D)
  A quokka zombie (D)
  A fire vortex (D)
153 creatures vanquished.

Vanquished Creatures (collateral kills)
  Saint Roka (D)
  An acid blob (D)
  Kirke (D)
  An azure jelly (D)
  A frost giant (D)
  A green draconian (D)
  Nessos (D)
  Azrael (D)
  A death ooze (D)
  2 hell hogs (D)
  An orc high priest (D)
  A swamp dragon (shapeshifter) (D)
  A necromancer (D)
  A mana viper (shapeshifter) (D)
  A shining eye (D)
  A shining eye (shapeshifter) (D)
  2 cyclopes (D)
  Joseph (D)
  A rime drake (D)
  An efreet (D)
  A tormentor (D)
  A freezing wraith (D)
  A red devil (D)
  Grinder (D)
  4 slime creatures (D)
  A hippogriff (D)
  A wraith (D)
  A fire elemental (D)
  Grum (D)
  A golden eye (D)
  A hell hound (D)
  Purgy (D)
  2 orc warriors (D)
  An ice beast (D)
  A swamp drake (D)
  An ogre (D)
  Dowan (D)
  A wight (D)
  2 jellies (D)
  An orc wizard (D)
  Ijyb (D)
  Jessica (D)
  A white imp (D)
  An ooze (D)
  An adder zombie (D)
  A bat skeleton (D)
  A bat zombie (D)
  A giant cockroach zombie (D)
  A jackal skeleton (D)
56 creatures vanquished.

Vanquished Creatures (others)
  2 fire vortices (D)
2 creatures vanquished.

Grand Total: 211 creatures vanquished

Notes
Turn   | Place    | Note
-------+----------+-------------------------------------------
     0 | D        | Found the +6 Majin-Bo {vamp, Archmagi MP+6 Int+6}
     0 | D        | Found the +7 great mace "Firestarter" {inner flame, rF++}
     0 | D        | nuthulu the Gnoll Fighter began the quest for the Orb.
     0 | D        | Reached XP level 1. HP: 23/23 MP: 1/1
     0 | D        | Found a deep blue altar of Sif Muna.
     0 | D        | Found a sacrificial altar of Ru.
     0 | D        | Found a bloodstained altar of Trog.
     0 | D        | Found a stormy altar of Qazlal.
     0 | D        | Found an iron altar of Okawaru.
     0 | D        | Found a sparkling altar of Nemelex Xobeh.
     0 | D        | Found a blossoming altar of Fedhas.
     2 | D        | Found a transporter.
     2 | D        | Found an ancient bone altar of Kikubaaqudgha.
     2 | D        | Found a viscous altar of Jiyva.
     2 | D        | Found a corrupted altar of Lugonu.
     2 | D        | Found a hazy altar of Hepliaklqana.
     2 | D        | Found a burning altar of Makhleb.
     2 | D        | Found an opulent altar of Gozag.
    25 | D        | Found the +9 heavy crossbow "Sniper" {velocity, Acc+∞ SInv}
    25 | D        | Found the +10 dark maul {crush}
    25 | D        | Found the +15 Maxwell's patent armour {-Cast -Tele rElec
                  | MR+ rCorr}
    25 | D        | Found the +18 shield of the Gong {rElec rN+ MR+ EV-5}
    25 | D        | Found the cursed +14 obsidian axe {chop, +Fly SInv *Curse}
    49 | D        | Reached skill level 5 in Axes
    49 | D        | Reached skill level 7 in Armour
    49 | D        | Reached skill level 1 in Conjurations
    49 | D        | Reached skill level 1 in Hexes
    49 | D        | Reached skill level 1 in Charms
    49 | D        | Reached skill level 1 in Summonings
    49 | D        | Reached skill level 1 in Necromancy
    49 | D        | Reached skill level 1 in Translocations
    49 | D        | Reached skill level 1 in Transmutations
    49 | D        | Reached skill level 1 in Fire Magic
    49 | D        | Reached skill level 1 in Ice Magic
    49 | D        | Reached skill level 1 in Air Magic
    49 | D        | Reached skill level 1 in Earth Magic
    49 | D        | Reached skill level 1 in Poison Magic
    49 | D        | Reached XP level 2. HP: 31/31 MP: 1/5
   122 | D        | Became a worshipper of Makhleb the Destroyer
   130 | D        | Entered arena 2.
   130 | D        | Noticed a deep elf knight
   130 | D        | Noticed a deep elf mage
   130 | D        | Found a transporter.
   134 | D        | Killed a deep elf mage
   134 | D        | Reached skill level 5 in Short Blades
   134 | D        | Reached skill level 5 in Long Blades
   134 | D        | Reached skill level 5 in Maces & Flails
   134 | D        | Reached skill level 5 in Polearms
   134 | D        | Reached skill level 5 in Staves
   134 | D        | Reached skill level 5 in Slings
   134 | D        | Reached skill level 5 in Bows
   134 | D        | Reached skill level 5 in Crossbows
   134 | D        | Reached skill level 5 in Throwing
   134 | D        | Reached skill level 8 in Armour
   134 | D        | Reached skill level 5 in Dodging
   134 | D        | Reached skill level 5 in Stealth
   134 | D        | Reached skill level 5 in Unarmed Combat
   134 | D        | Reached skill level 5 in Spellcasting
   134 | D        | Reached skill level 5 in Invocations
   134 | D        | Reached skill level 5 in Evocations
   134 | D        | Reached XP level 3. HP: 36/38 MP: 5/9
   134 | D        | Reached XP level 4. HP: 43/45 MP: 6/11
   134 | D        | Reached XP level 5. HP: 48/50 MP: 6/12
   134 | D        | Reached XP level 6. HP: 55/57 MP: 6/13
   138 | D        | Killed a deep elf knight
   138 | D        | Reached skill level 9 in Armour
   138 | D        | Reached skill level 5 in Conjurations
   138 | D        | Reached skill level 5 in Hexes
   138 | D        | Reached skill level 5 in Charms
   138 | D        | Reached skill level 5 in Summonings
   138 | D        | Reached skill level 5 in Necromancy
   138 | D        | Reached skill level 5 in Translocations
   138 | D        | Reached skill level 5 in Transmutations
   138 | D        | Reached skill level 5 in Fire Magic
   138 | D        | Reached skill level 5 in Ice Magic
   138 | D        | Reached skill level 5 in Air Magic
   138 | D        | Reached skill level 5 in Earth Magic
   138 | D        | Reached skill level 5 in Poison Magic
   138 | D        | Reached XP level 7. HP: 62/64 MP: 6/16
   138 | D        | Reached XP level 8. HP: 69/71 MP: 6/17
   210 | D        | Entered arena 3.
   210 | D        | Noticed a slime creature
   210 | D        | Found a transporter.
   214 | D        | Reached * piety under Makhleb
   215 | D        | Killed a slime creature
   285 | D        | Entered arena 4.
   285 | D        | Noticed a water elemental
   285 | D        | Noticed an orc high priest
   285 | D        | Found a transporter.
   286 | D        | Noticed a rust devil
   288 | D        | Reached ** piety under Makhleb
   289 | D        | Killed a water elemental
   290 | D        | Noticed a soul eater
   294 | D        | Killed an orc high priest
   294 | D        | Reached XP level 9. HP: 68/78 MP: 18/20
   307 | D        | Entered arena 5.
   307 | D        | Found a transporter.
   309 | D        | Reached *** piety under Makhleb
   317 | D        | Entered arena 6.
   317 | D        | Noticed Sigmund
   317 | D        | Noticed Jessica
   317 | D        | Noticed Blork the orc
   317 | D        | Noticed Crazy Yiuf
   317 | D        | Noticed Dowan
   317 | D        | Found a transporter.
   319 | D        | Killed Crazy Yiuf
   319 | D        | Reached **** piety under Makhleb
   319 | D        | Killed Jessica
   319 | D        | Reached skill level 10 in Armour
   321 | D        | Killed Sigmund
   321 | D        | Reached skill level 10 in Fighting
   321 | D        | Reached skill level 10 in Shields
   322 | D        | Killed Blork the orc
   322 | D        | Killed Dowan
   328 | D        | Entered arena 7.
   329 | D        | Found a transporter.
   330 | D        | Reached ***** piety under Makhleb
   341 | D        | Entered arena 8.
   341 | D        | Noticed Menyesm the pandemonium lord
   341 | D        | Noticed an orange demon
   342 | D        | Found a transporter.
   347 | D        | Killed an orange demon
   384 | D        | Killed Menyesm the pandemonium lord
   384 | D        | Reached skill level 10 in Short Blades
   384 | D        | Reached skill level 10 in Long Blades
   384 | D        | Reached skill level 10 in Maces & Flails
   384 | D        | Reached skill level 10 in Polearms
   384 | D        | Reached skill level 10 in Staves
   384 | D        | Reached skill level 10 in Slings
   384 | D        | Reached skill level 10 in Bows
   384 | D        | Reached skill level 10 in Crossbows
   384 | D        | Reached skill level 10 in Throwing
   384 | D        | Reached skill level 14 in Armour
   384 | D        | Reached skill level 10 in Dodging
   384 | D        | Reached skill level 10 in Stealth
   384 | D        | Reached skill level 10 in Unarmed Combat
   384 | D        | Reached skill level 10 in Spellcasting
   384 | D        | Reached skill level 10 in Evocations
   384 | D        | Reached XP level 10. HP: 52/89 MP: 20/24
   384 | D        | Reached XP level 11. HP: 56/95 MP: 20/25
   548 | D        | Entered arena 9.
   549 | D        | Found a transporter.
   551 | D        | Reached ****** piety under Makhleb
   565 | D        | Entered arena 10.
   566 | D        | Found a transporter.
   572 | D        | Reached XP level 12. HP: 103/103 MP: 26/26
   588 | D        | Entered arena 11.
   589 | D        | Found the +12 glaive of Prune {chop}
   589 | D        | Found a transporter.
   607 | D        | Entered arena 12.
   607 | D        | Noticed a queen ant
   607 | D        | Noticed a red very ugly thing
   609 | D        | Found a transporter.
   609 | D        | Noticed a two-headed ogre
   609 | D        | a manticore changed into a two-headed ogre
   612 | D        | a two-headed ogre changed into a moth of wrath
   613 | D        | Noticed a storm dragon
   613 | D        | a queen ant changed into a storm dragon
   615 | D        | Noticed a death yak
   615 | D        | a storm dragon changed into a death yak
   618 | D        | Killed a death yak
   623 | D        | Killed a red very ugly thing
   623 | D        | Reached skill level 15 in Armour
   666 | D        | Entered arena 13.
   666 | D        | Noticed a fire dragon
   666 | D        | Noticed a hell hog
   666 | D        | Noticed a hell hog
   666 | D        | Noticed a fire dragon
   667 | D        | Noticed a hell hog
   675 | D        | Killed a hell hog
   678 | D        | Killed a hell hog
   680 | D        | Killed a fire dragon
   680 | D        | Reached skill level 10 in Conjurations
   680 | D        | Reached skill level 10 in Hexes
   680 | D        | Reached skill level 10 in Charms
   680 | D        | Reached skill level 10 in Summonings
   680 | D        | Reached skill level 10 in Necromancy
   680 | D        | Reached skill level 10 in Translocations
   680 | D        | Reached skill level 10 in Transmutations
   680 | D        | Reached skill level 10 in Fire Magic
   680 | D        | Reached skill level 10 in Ice Magic
   680 | D        | Reached skill level 10 in Air Magic
   680 | D        | Reached skill level 10 in Earth Magic
   680 | D        | Reached skill level 10 in Poison Magic
   680 | D        | Killed a fire dragon
   682 | D        | Killed a hell hog
   684 | D        | Found a transporter.
   701 | D        | Entered arena 14.
   706 | D        | Found a transporter.
   708 | D        | Noticed a sun demon
   721 | D        | Entered arena 15.
   722 | D        | Noticed a fire giant
   722 | D        | Noticed a two-headed ogre
   722 | D        | Noticed a two-headed ogre
   723 | D        | Noticed a frost giant
   723 | D        | Noticed a two-headed ogre
   724 | D        | Found a transporter.
   729 | D        | Killed a fire giant
   729 | D        | Reached skill level 16 in Armour
   730 | D        | Reached XP level 13. HP: 75/111 MP: 27/29
   735 | D        | Killed a frost giant
   743 | D        | Got the amulet "Lehobux" {Reflect rN++ Dex-5 SH+4}
   748 | D        | Got the ring "Vuilifoo" {rN+ Str+4 Stlth+}
   774 | D        | Entered arena 16.
   775 | D        | Noticed an azure jelly
   775 | D        | Noticed a great orb of eyes
   776 | D        | Noticed an acid blob
   776 | D        | Noticed a death ooze
   776 | D        | Noticed an acid blob
   777 | D        | Found a transporter.
   780 | D        | Killed an azure jelly
   783 | D        | Killed a great orb of eyes
   784 | D        | Killed an acid blob
   785 | D        | Reached skill level 17 in Armour
   785 | D        | Killed a death ooze
   785 | D        | Reached skill level 15 in Axes
   788 | D        | Killed an acid blob
   805 | D        | Entered arena 17.
   808 | D        | Noticed a ghoul
   810 | D        | Found a transporter.
   815 | D        | Killed a ghoul
   914 | D        | Entered arena 18.
   917 | D        | Noticed Purgy
   917 | D        | Noticed Gastronok
   917 | D        | Noticed Grum
   917 | D        | Noticed Kirke
   917 | D        | Noticed Menkaure
   917 | D        | Noticed Louise
   917 | D        | Noticed Saint Roka
   918 | D        | Noticed Nessos
   918 | D        | Noticed Ijyb
   918 | D        | Noticed Azrael
   918 | D        | Noticed Maurice
   918 | D        | Noticed Grinder
   919 | D        | Found a transporter.
   919 | D        | Noticed Joseph
   922 | D        | Killed Purgy
   923 | D        | Killed Ijyb
   925 | D        | Killed Kirke
   929 | D        | Killed Menkaure
   929 | D        | Killed Louise
   929 | D        | Killed Grum
   930 | D        | Killed Azrael
   930 | D        | Reached skill level 18 in Armour
   930 | D        | Reached XP level 14. HP: 98/121 MP: 31/31
   931 | D        | Killed Nessos
   932 | D        | Killed Maurice
   933 | D        | Killed Joseph
   935 | D        | Killed Grinder
   936 | D        | Killed Gastronok
   939 | D        | Killed Saint Roka
   939 | D        | Reached skill level 15 in Fighting
   939 | D        | Reached skill level 15 in Shields
   939 | D        | Reached skill level 15 in Invocations
   951 | D        | Entered arena 19.
   955 | D        | Noticed a reaper
   956 | D        | Noticed a reaper
   957 | D        | Found a transporter.
   975 | D        | Killed a reaper
   975 | D        | Reached skill level 15 in Crossbows
   976 | D        | Killed a reaper
  1179 | D        | Entered arena 20.
  1184 | D        | Noticed a purple draconian
  1184 | D        | Noticed a yellow draconian
  1184 | D        | Noticed a white draconian
  1184 | D        | Noticed a white draconian knight
  1184 | D        | Noticed a purple draconian
  1184 | D        | Noticed a white draconian
  1184 | D        | Noticed a purple draconian scorcher
  1184 | D        | Noticed a black draconian scorcher
  1184 | D        | Noticed a red draconian stormcaller
  1184 | D        | Noticed a black draconian
  1184 | D        | Noticed a yellow draconian
  1184 | D        | Noticed a green draconian
  1184 | D        | Noticed a green draconian
  1184 | D        | Noticed a white draconian
  1184 | D        | Noticed a white draconian
  1185 | D        | Identified the +3 glaive "Iherch" {distort, rC+}
  1185 | D        | Noticed a yellow draconian
  1185 | D        | Noticed a red draconian
  1185 | D        | Noticed a white draconian
  1185 | D        | Identified the +11 hand crossbow "Gipowydo" {freeze, rC+}
  1185 | D        | Noticed a purple draconian shifter
  1185 | D        | Noticed a black draconian annihilator
  1185 | D        | Noticed a red draconian
  1185 | D        | Noticed a purple draconian
  1186 | D        | Found a transporter.
  1195 | D        | Killed a black draconian scorcher
  1195 | D        | Reached skill level 19 in Armour
  1197 | D        | Killed a purple draconian scorcher
  1197 | D        | Killed a white draconian
  1199 | D        | Killed a yellow draconian
  1200 | D        | Killed a purple draconian
  1201 | D        | Killed a white draconian knight
  1201 | D        | Killed a green draconian
  1204 | D        | Killed a red draconian
  1205 | D        | Killed a red draconian
  1205 | D        | Killed a purple draconian
  1208 | D        | Killed a white draconian
  1212 | D        | Killed a white draconian
  1214 | D        | Killed a yellow draconian
  1215 | D        | Killed a purple draconian shifter
  1215 | D        | Reached skill level 15 in Short Blades
  1215 | D        | Reached skill level 15 in Long Blades
  1215 | D        | Reached skill level 15 in Maces & Flails
  1215 | D        | Reached skill level 15 in Polearms
  1215 | D        | Reached skill level 15 in Staves
  1215 | D        | Reached skill level 15 in Slings
  1215 | D        | Reached skill level 15 in Bows
  1215 | D        | Reached skill level 15 in Throwing
  1215 | D        | Reached skill level 15 in Dodging
  1215 | D        | Reached skill level 15 in Stealth
  1215 | D        | Reached skill level 15 in Unarmed Combat
  1215 | D        | Reached skill level 15 in Spellcasting
  1215 | D        | Reached skill level 15 in Evocations
  1220 | D        | Killed a purple draconian
  1220 | D        | Reached XP level 15. HP: 131/131 MP: 26/34
  1224 | D        | Reached skill level 20 in Armour
  1237 | D        | Killed a red draconian stormcaller
  1254 | D        | Entered arena 21.
  1258 | D        | Noticed an azure jelly
  1259 | D        | Noticed an acid blob
  1259 | D        | Noticed an acid blob
  1259 | D        | Noticed an acid blob
  1261 | D        | Found a transporter.
  1263 | D        | Killed an azure jelly
  1269 | D        | Killed an acid blob
  1274 | D        | Killed an acid blob
  1276 | D        | Killed an acid blob
  1276 | D        | Reached skill level 21 in Armour
  1297 | D        | Entered arena 22.
  1301 | D        | Noticed an azure jelly
  1302 | D        | Noticed an acid blob
  1302 | D        | Noticed an azure jelly
  1302 | D        | Noticed an azure jelly
  1302 | D        | Noticed an azure jelly
  1302 | D        | Noticed an azure jelly
  1303 | D        | Noticed an azure jelly
  1303 | D        | Noticed an acid blob
  1303 | D        | Noticed an azure jelly
  1304 | D        | Found the +5 scythe "Finisher" {speed, eviscerate}
  1304 | D        | Found a transporter.
  1308 | D        | Paralysed by a floating eye for 2 turns
  1311 | D        | Killed an azure jelly
  1313 | D        | Annihilated by an azure jelly

Skill      XL: |  1  2  3  4  5  6  7  8  9 10 11 12 13 14 15 |
---------------+----------------------------------------------+-----
Fighting       | 7 8 9 12 13 14 16 17 | 17.0
Short Blades   | 2 5 6 7 10 12 13 15 16 | 16.1
Long Blades    | 2 5 6 7 10 12 13 15 16 | 16.1
Axes           | 5 6 7 8 11 13 16 18 19 | 19.9
Maces & Flails | 2 5 6 7 10 12 13 15 16 | 16.1
Polearms       | 2 5 6 7 10 12 13 15 16 | 16.1
Staves         | 2 5 6 7 10 12 13 15 16 | 16.1
Slings         | 2 5 6 7 10 12 13 15 16 | 16.1
Bows           | 2 5 6 7 10 12 13 15 16 | 16.1
Crossbows      | 2 5 6 7 10 12 13 16 18 | 18.3
Throwing       | 2 5 6 7 10 12 13 15 16 | 16.1
Armour         | 7 8 9 14 16 18 19 21 | 21.2
Dodging        | 2 5 6 7 10 12 13 15 16 | 16.1
Stealth        | 2 5 6 7 10 12 13 15 16 | 16.1
Shields        | 7 8 9 12 13 14 16 17 | 17.0
Unarmed Combat | 2 5 6 7 10 12 13 15 16 | 16.1
Spellcasting   | 2 5 6 7 10 12 13 15 16 | 16.1
Conjurations   | 1 4 5 6 9 10 11 12 13 | 13.9
Hexes          | 1 4 5 6 9 10 11 12 13 | 13.9
Charms         | 1 4 5 6 9 10 11 12 13 | 13.9
Summonings     | 1 4 5 6 9 10 11 12 13 | 13.9
Necromancy     | 1 4 5 6 9 10 11 12 13 | 13.9
Translocations | 1 4 5 6 9 10 11 12 13 | 13.9
Transmutations | 1 4 5 6 9 10 11 12 13 | 13.9
Fire Magic     | 1 4 5 6 9 10 11 12 13 | 13.9
Ice Magic      | 1 4 5 6 9 10 11 12 13 | 13.9
Air Magic      | 1 4 5 6 9 10 11 12 13 | 13.9
Earth Magic    | 1 4 5 6 9 10 11 12 13 | 13.9
Poison Magic   | 1 4 5 6 9 10 11 12 13 | 13.9
Invocations    | 2 5 6 8 11 13 14 16 17 | 17.3
Evocations     | 2 5 6 7 10 12 13 15 16 | 16.1

Action                   |  1- 3 |  4- 6 |  7- 9 | 10-12 | 13-15 || total
-------------------------+-------+-------+-------+-------+-------++-------
Melee: Broad axe         |     3 |     4 |    50 |    69 |   144 ||   270
       Bite              |     1 |     1 |     2 |    17 |    19 ||    40
Invok: Major Destruction |       |       |       |       |     1 ||     1
       Greater Servant o |       |       |       |       |     1 ||     1
  Use: Potion            |     1 |       |     9 |       |     7 ||    17
       Scroll            |       |       |       |     1 |     3 ||     4
 Stab: Distracted        |       |       |     3 |       |     2 ||     5
       Confused          |       |       |       |     2 |       ||     2
       Invisible         |       |       |       |       |     4 ||     4
  Eat: Ration            |       |       |       |       |     1 ||     1
Armor: Plate armour      |       |     1 |    20 |    29 |   104 ||   154
Dodge: Dodged            |       |       |     2 |    16 |    53 ||    71
Block: Shield            |     5 |     3 |    62 |   129 |   276 ||   475
       Reflection        |       |       |       |     1 |     7 ||     8
